 Dungeon Crawl Stone Soup version 0.21.1-1-g345015fe64 (webtiles) character file.

726283 Paulina the Malleable (level 27, -3/201 HPs)
             Began as a Formicid Enchanter on Apr 15, 2018.
             Was an Initiate of Gozag.
             Splashed by an acid blob's acid (8 damage)
             ... created by the Royal Jelly
             ... on level 4 of the Pits of Slime on May 11, 2018.
             The game lasted 11:02:56 (98742 turns).

Paulina the Malleable (Formicid Enchanter)         Turns: 98742, Time: 11:02:57

Health: -3/201     AC: 16    Str: 25 (29) XL:     27
Magic:  0/57       EV: 24    Int: 20      God:    Gozag
Gold:   14704      SH: 29    Dex: 11      Spells: 3/58 levels left

rFire    . . .     SeeInvis +   b - +5 war axe of Ashenzari's Approval {elec, rElec Int+3 Stlth-}
rCold    + . .     Gourm    .   h - +8 large shield "Kunify" {MP+9}
rNeg     + + +     Faith    .   o - +4 moon troll leather armour {Spirit, Regen++ MP+5}
rPois    ∞         Spirit   +   (helmet unavailable)
rElec    +         Reflect  .   U - +2 cloak {+Inv}
rCorr    +         Harm     .   t - +2 pair of gloves {Str+3}
MR       +++..                  M - +2 pair of boots {run}
Stlth    ++++......             m - amulet of Digis {RegenMP Str+2}
HPRegen  1.23/turn              N - ring of resist corrosion
MPRegen  0.60/turn              I - ring of Phasing {EV+8}

@: icy armour, lich-form, corroded
A: permanent stasis, dig shafts and tunnels, four strong arms, antennae 3
}: 2/15 runes: serpentine, barnacled
a: Dig, Shaft Self, End Transformation, Potion Petition, Call Merchant, Bribe
Branch, Renounce Religion, Evoke Invisibility


You were on level 4 of the Pits of Slime.
You worshipped Gozag.
Gozag was extremely pleased with you.
You were not hungry.
You were a lich.
You visited 12 branches of the dungeon, and saw 54 of its levels.
You visited the Abyss 3 times.
You also visited: Labyrinth, Ice Cave and Wizlab.

You collected 23664 gold pieces.
You spent 6354 gold pieces at shops.
You paid 2606 gold pieces to Gozag.

Inventory:

Hand Weapons
 a - the +7 great mace "Undeadhunter" {disrupt, rN+}
   (You bought it in a shop on level 1 of the Elven Halls)

   It protects you from negative energy.
 b - the +5 war axe of Ashenzari's Approval (weapon) {elec, rElec Int+3 Stlth-}
   (You found it in a labyrinth)

   Occasionally, upon striking a foe, it will discharge some electrical energy
   and cause terrible harm.
   It affects your intelligence (+3).
   It insulates you from electricity.
   It makes you less stealthy.
 c - the +10 hand axe of Doom {antimagic, rF+}
   (You bought it in a shop on level 1 of the Elven Halls)

   It reduces the magical energy of the wielder, and disrupts the spells and
   magical abilities of those hit.
   Natural abilities and divine invocations are not affected.
   It protects you from fire.
 p - a +1 executioner's axe of draining
Missiles
 e - 2 curare-tipped needles
 g - 37 bolts
 k - 47 stones (quivered)
 P - a throwing net
 Q - 29 sling bullets
Armour
 h - the +8 large shield "Kunify" (worn) {MP+9}
   (You found it on level 4 of the Dungeon)

   It affects your magic capacity (+9).
 o - the +4 moon troll leather armour (worn) {Spirit, Regen++ MP+5}
   (You took it off a moon troll in a wizard's laboratory)

   It affects your magic capacity (+5).
   It increases your rate of regeneration.
 s - the +5 leather armour of Exclusion {rPois rF+ Str+3 Dex+3}
   (You found it on level 3 of the Crypt)

   It affects your strength (+3).
   It affects your dexterity (+3).
   It protects you from fire.
   It protects you from poison.
 t - a +2 pair of gloves of strength (worn)
 M - a +2 pair of boots of running (worn)
 O - a +1 pair of gloves of dexterity
 U - a +2 cloak of invisibility (worn)
Magical Staves
 d - an uncursed staff of energy
Jewellery
 i - the ring "Suadiz" {+Fly rPois Int+3 Dex-5}
   (You found it on level 4 of the Depths)

   [ring of flight]

   It affects your intelligence (+3).
   It affects your dexterity (-5).
   It protects you from poison.
   It lets you fly.
 j - a +4 ring of intelligence
 m - the amulet of Digis (around neck) {RegenMP Str+2}
   (You found it on level 6 of the Lair of Beasts)

   [amulet of magic regeneration]

   It increases your magic regeneration.
   It affects your strength (+2).
 r - an uncursed amulet of regeneration
 u - an uncursed ring of protection from magic
 A - the ring "Lekuwk" {+Fly rElec EV+3 Str+4}
   (You found it on level 1 of the Abyss)

   [ring of evasion]

   It affects your evasion (+3).
   It affects your strength (+4).
   It insulates you from electricity.
   It lets you fly.
 G - an uncursed ring of protection from magic
 H - an uncursed ring of protection from fire
 I - the ring of Phasing (right hand) {EV+8}
   (You found it on level 11 of the Dungeon)

   [ring of evasion]

   It affects your evasion (+8).
 N - a ring of resist corrosion (left hand)
Wands
 f - a wand of polymorph (11)
 n - a wand of clouds (4)
Scrolls
 l - a scroll of fear {unknown}
 x - 19 scrolls of remove curse
 z - 48 scrolls of identify
 C - 11 scrolls of magic mapping
 R - a scroll of amnesia
Potions
 q - 8 potions of heal wounds
 E - 20 potions of curing
 F - a potion of flight {unknown}
 J - 2 potions of ambrosia {unknown}
 K - a potion of berserk rage {unknown}
Books
 S - a book of Changes

   Spells                             Type                      Level
   a - Beastly Appendage              Transmutation                1
   b - Sticks to Snakes               Transmutation                2
   c - Spider Form                    Transmutation/Poison         3
   d - Ice Form                       Ice/Transmutation            4
   e - Blade Hands                    Transmutation                5
Miscellaneous
 w - a lamp of fire
 y - a phial of floods (inert)
 D - a lightning rod (4/4)
Comestibles
 v - 101 rations


   Skills:
 - Level 13.0 Fighting
   Level 1.0 Short Blades
 - Level 17.4(18.8) Axes
 * Level 12.8(16.6) Maces & Flails
 - Level 12.0 Armour
 - Level 9.0 Dodging
 - Level 15.0 Stealth
 - Level 17.0 Shields
 - Level 16.0 Spellcasting
   Level 6.0 Conjurations
 - Level 20.0 Hexes
 - Level 12.0 Charms
 - Level 12.0 Summonings
 - Level 21.0 Necromancy
 - Level 22.0 Transmutations
 - Level 10.0 Ice Magic
 - Level 8.0 Air Magic
 - Level 15.0 Earth Magic
   Level 8.0 Invocations
 - Level 10.0 Evocations


You had 3 spell levels left.
You knew the following spells:

 Your Spells              Type           Power        Failure   Level  Hunger
a - Borgnjor's Vile Clut  Necr/Erth      #######...   1%          5    N/A
b - Confuse               Hex            #######.     0%          3    N/A
c - Spectral Weapon       Hex/Chrm       ######..     0%          3    N/A
d - Ozocubu's Armour      Chrm/Ice       ######..     1%          3    N/A
e - Infestation           Necr           ########..   4%          8    N/A
f - Summon Mana Viper     Hex/Summ       ######..     1%          5    N/A
g - Necromutation         Tmut/Necr      ########..   4%          8    N/A
h - Swiftness             Chrm/Air       ######..     1%          2    N/A
i - Discord               Hex            #######...   7%          8    N/A
j - Silence               Hex/Air        ######....   1%          5    N/A
n - Aura of Abjuration    Summ           ######....   1%          5    N/A

Dungeon Overview and Level Annotations

Branches:
Dungeon (15/15)            Temple (1/1) D:4            Lair (6/6) D:10
 Shoals (4/4) Lair:4        Snake (4/4) Lair:2        Slime (5/5) Lair:6
    Orc (2/2) D:10            Elf (3/3) Orc:2        Vaults (5/5) D:14
  Crypt (3/3) Vaults:2       Tomb (1/3) Crypt:3      Depths (5/5) D:15
    Zot (0/5) Depths:5

Altars:
Ashenzari
Cheibriados
Dithmenos
Elyvilon
Fedhas
Gozag
Hepliaklqana
Kikubaaqudgha
Makhleb
Nemelex Xobeh
Okawaru
Qazlal
Ru
Sif Muna
Trog
Uskayaw
Vehumet
Wu Jian
Yredelemnul
Zin
Jiyva

Shops:
Orc:1 *   Orc:2 [!=!   Elf:1 %**}!   Elf:3 ?   Shoals:1 *   Shoals:3 (
Snake:3 [   Vaults:2 (

Portals:
Hell: Depths:1 Depths:2 Depths:3 Depths:4 Depths:5
Abyss: Depths:4
Pandemonium: Depths:2 Depths:3
Ziggurat: Depths:5
Trove: Depths:3 (give 7 potions of agility)

Annotations:
Slime:5 Royal Jelly
Crypt:2 Mennas


Innate Abilities, Weirdness & Mutations

You cannot be hasted, slowed, berserked, paralysed or teleported.
You can dig through walls and to a lower floor.
Your four strong arms can wield two-handed weapons with a shield.
You have a pair of large antennae on your head. (SInv)


Message History

The acid blob is heavily wounded.
You closely miss the azure jelly. You block the acid blob's attack.
You hit the acid blob but do no damage.
Lightning courses through the acid blob!
Your hands burn!
The acid blob is heavily wounded.
You completely miss the azure jelly.
The azure jelly is engulfed in blazing flames.
You kill the azure jelly!
That felt strangely unrewarding.
The acid blob spits acid at you. The splash of acid hits you! You resist.
The acid corrodes you!
You are splashed with acid!
The acid burns!
You resist.
You die...
Your body crumbles into a pile of gold.

#.........#.##.........#
##....#.#...##..........#
##.....###....##§........#
#.......##..≈#§§§.......##
##.......#..§§§§§.#.....##
###....#...§§§§§........#
###.###..§§§§§.......##
#.#.##.J§§§.≈....#.##
.......L............#
#.#.#......#.##.....#
######.#..######.#.##
###### #####


You could see an acid blob.

Vanquished Creatures
  Dissolution (Slime:2)
  Mara (Snake:3)
  3 ancient liches
  2 juggernauts (Depths:4)
  3 greater mummies (Tomb:1)
  Boris (twice) (Vaults:3 Crypt:1)
  Frederick (Depths:4)
  3 caustic shrikes
  Nikola (Snake:4)
  3 golden dragons
  Jory (Crypt:1)
  2 profane servitors (Abyss:1)
  12 bone dragons
  A Brimstone Fiend (Depths:1)
  Jorgrun (Snake:4)
  3 tentacled monstrosities
  A moon troll (WizLab)
  An Ice Fiend (Depths:1)
  7 deep elf blademasters
  9 liches
  3 quicksilver dragons
  6 deep elf master archers
  16 titans
  43 tentacled starspawn
  22 acid blobs
  Polyphemus (Shoals:4)
  10 sphinxes
  4 Executioners
  Frances (D:12)
  Gastronok (Lair:3)
  2 ancient champions
  A kraken (Abyss:2)
  4 tengu reavers
  3 revenants
  Kirke (Shoals:1)
  4 shadow dragons
  2 storm dragons
  16 fire giants
  13 azure jellies
  A daeva (Abyss:1)
  Ilsuiw (Shoals:4)
  Roxanne (Shoals:2)
  9 nagarajas
  A draconian knight (Abyss:1)
  2 iron dragons (Depths:4)
  4 cacodemons
  13 frost giants
  15 vault wardens
  13 deep elf sorcerers
  A draconian scorcher (Depths:5)
  3 curse skulls
  A ghost moth (Abyss:1)
  A caustic shrike zombie (Crypt:1)
  4 ghouls
  7 balrugs
  6 reapers (Crypt:3)
  4 deep elf elementalists
  47 stone giants
  11 ironheart preservers
  2 draconian annihilators
  3 angels
  40 very ugly things
  An ophan (Abyss:1)
  A juggernaut skeleton (Depths:3)
  A spriggan defender (Depths:4)
  3 vampire knights
  2 bennus (Tomb:1)
  2 lorocyprocas (Abyss:1)
  A stone giant (shapeshifter) (Abyss:1)
  2 caustic shrike skeletons (Depths:3)
  3 green draconians
  A pale draconian (Depths:5)
  A red draconian (Abyss:1)
  5 deep elf demonologists
  3 purple draconians
  Azrael (D:13)
  6 deep elf annihilators (Elf:3)
  Snorg (D:12)
  4 spark wasps
  4 white draconians
  9 eidola
  14 deep elf death magi
  5 blizzard demons
  Josephine (D:12)
  13 fire dragons
  8 ettins
  10 merfolk impalers
  4 death oozes (Slime:4)
  A minotaur (Lab)
  10 mummy priests
  2 quicksilver dragon zombies (Crypt:3)
  3 crystal guardians
  10 merfolk javelineers (Shoals:4)
  9 yaktaur captains
  20 great orbs of eyes
  12 ogre magi
  7 ice dragons
  3 deep elf high priests
  6 jiangshi
  19 vault guards
  17 rakshasas
  8 hydras
  A catoblepas (Shoals:4)
  15 naga warriors
  6 anacondas
  A spriggan air mage (Depths:5)
  4 satyrs
  A two-headed ogre (shapeshifter) (Abyss:1)
  2 quicksilver dragon skeletons
  7 merfolk avatars
  18 centaur warriors
  Erica (D:10)
  38 two-headed ogres
  3 death yaks
  A merfolk aquamancer (Shoals:4)
  6 death scarabs (Tomb:1)
  2 alligator snapping turtles
  14 deep troll shamans
  23 dancing weapons
  2 titan zombies (Crypt:3)
  7 deep troll earth magi
  6 tengu warriors
  6 spriggan berserkers
  5 orc high priests
  40 thrashing horrors
  5 shock serpents
  7 hell hogs (Abyss:1)
  21 naga sharpshooters
  11 soul eaters
  101 large abominations
  Urug (D:12)
  A fire crab (shapeshifter) (Vaults:3)
  A vampire mage (Crypt:1)
  13 sun demons
  14 sixfirhies
  24 deep elf knights
  8 hell knights
  39 wretched stars
  A shadow wraith (Crypt:2)
  13 sea snakes
  5 titan skeletons
  5 iron trolls
  37 skeletal warriors
  2 golden dragon zombies
  5 unseen horrors
  An iron giant zombie (Crypt:1)
  29 deep trolls
  4 swamp dragons
  An orange crystal statue (WizLab)
  3 flayed ghosts
  2 salamander mystics (Snake:3)
  10 glowing orange brains
  10 spatial maelstroms
  3 golden dragon skeletons
  A deep troll (shapeshifter) (Depths:5)
  10 naga ritualists
  26 deep elf archers
  18 necromancers
  7 wizards
  13 phantasmal warriors
  6 harpies
  An orb spider (Abyss:2)
  17 orc knights
  A lindwurm (shapeshifter) (Depths:4)
  2 oklob plants (Shoals:1)
  2 iron dragon zombies (Crypt:3)
  14 ironbrand convokers
  7 mana vipers
  20 ugly things
  2 shadow dragon skeletons (Crypt:3)
  6 cyclopes
  91 deep elf magi
  A manticore (shapeshifter) (Depths:1)
  24 fauns
  11 shining eyes
  5 wolf spiders
  10 salamanders
  16 worldbinders
  6 orc sorcerers
  3 stone giant zombies
  19 manticores
  A frost giant zombie (Abyss:2)
  4 human skeletons
  14 elephants
  2 sphinx skeletons (Depths:3)
  14 merfolk sirens
  Maurice (D:10)
  7 iron dragon skeletons
  5 water nymphs
  9 vault sentinels
  8 apocalypse crabs
  3 ice statues (IceCv)
  4 fire giant skeletons
  12 spiny frogs
  10 eyes of devastation
  A titan simulacrum (Crypt:1)
  2 rust devils
  37 smoke demons
  6 frost giant skeletons
  33 black mambas
  5 gargoyles
  6 guardian serpents
  26 naga magi
  A torpor snail (shapeshifter) (Vaults:3)
  3 stone giant skeletons
  3 dire elephant zombies
  An elephant slug zombie (Crypt:2)
  14 orange demons
  6 hellions
  A dire elephant skeleton (Crypt:3)
  An emperor scorpion zombie (Crypt:3)
  19 freezing wraiths
  4 centaur skeletons
  5 efreet
  3 rime drakes
  2 spriggan skeletons
  68 yaktaurs
  8 ice devils
  5 demonic crawlers
  4 kobold demonologists
  23 hellwings
  7 komodo dragons
  13 guardian mummies
  40 ancient zymes
  15 polar bears
  35 merfolk
  6 tengu conjurers
  5 jumping spiders (Crypt:3)
  A queen bee (D:10)
  8 trolls
  3 meliai (shapeshifter)
  4 red devils
  7 hornets
  5 wind drakes
  3 hydra skeletons
  A polar bear (shapeshifter) (Abyss:1)
  Grinder (D:6)
  2 shadow dragon simulacra
  69 raiju
  A queen bee (shapeshifter) (D:15)
  2 ice dragon zombies (Abyss:1)
  A minotaur skeleton (Crypt:2)
  134 slime creatures
  11 snapping turtles
  A harpy skeleton (Abyss:1)
  16 hippogriffs
  3 bog bodies (Crypt:2)
  A hippogriff (shapeshifter) (Depths:5)
  3 ettin zombies
  19 blink frogs
  17 dream sheep
  A frost giant simulacrum (Abyss:1)
  2 blink frogs (shapeshifter)
  2 meliai zombies
  2 air elementals
  2 fire giant simulacra
  33 flying skulls
  2 ice dragon skeletons
  A redback (shapeshifter) (Depths:4)
  11 redbacks
  2 ettin skeletons (Crypt:3)
  An ushabti (Crypt:3)
  A wyvern (shapeshifter) (Vaults:2)
  4 spriggans
  6 basilisks
  34 yaks
  4 vampires
  A spriggan (shapeshifter) (Depths:1)
  6 wyverns
  3 humans
  2 elf zombies
  7 shadows
  9 hungry ghosts
  34 ynoxinuls
  Eustachio (D:5)
  A fire dragon skeleton (Crypt:3)
  5 fire bats (Abyss:1)
  3 fire elementals
  10 hogs
  14 water elementals
  20 wraiths
  A black mamba skeleton (Abyss:1)
  A golden eye (shapeshifter) (Vaults:4)
  38 golden eyes
  15 chaos spawn
  3 steam dragons (Lair:6)
  27 neqoxecs
  6 vampire mosquitoes (D:15)
  A redback simulacrum (D:14)
  43 nagas
  A human simulacrum (Vaults:3)
  4 elf skeletons (Depths:3)
  A soldier ant (D:15)
  13 wargs
  A soldier ant (shapeshifter) (Vaults:3)
  17 insubstantial wisps
  15 spatial vortices
  6 acid dragons
  11 water moccasins
  31 hell hounds
  10 porcupines
  A floating eye (Depths:2)
  2 hornet zombies (D:14)
  35 orc warriors
  21 black bears
  20 ice beasts
  2 ettin simulacra
  7 sky beasts
  A swamp dragon zombie (Crypt:3)
  7 phantoms
  30 ogres
  A wolf (shapeshifter) (Abyss:1)
  6 boggarts
  6 eyes of draining
  6 necrophages
  19 wolves
  42 centaurs
  3 snapping turtle skeletons
  15 crocodiles
  Blork the orc (D:2)
  5 earth elementals
  5 big kobolds
  A wyvern zombie (D:14)
  15 bullfrogs
  An ogre simulacrum (Vaults:1)
  2 gnoll sergeants
  108 small abominations
  2 water moccasin zombies
  4 scorpions
  4 wyvern skeletons (Crypt:3)
  A spriggan zombie (Crypt:3)
  23 killer bees
  A troll zombie (Crypt:1)
  10 wights
  2 troll skeletons
  A polar bear skeleton (Crypt:1)
  4 electric eels
  8 centaur zombies
  10 crimson imps
  160 starcursed masses
  5 hounds
  18 quasits
  Crazy Yiuf (D:4)
  2 bullfrog zombies
  4 jellies
  24 orc wizards
  4 bullfrog skeletons
  19 orc priests
  20 iron imps
  2 iguanas
  A black bear skeleton (Crypt:2)
  9 worker ants
  A sky beast zombie (Crypt:1)
  3 hound skeletons
  18 mummies
  3 worker ant zombies
  20 gnolls
  A steam dragon zombie (Crypt:1)
  10 adders
  2 howler monkey skeletons
  2 shadow imps
  35 white imps
  22 ufetubi
  3 oozes
  2 adder zombies
  2 adder skeletons
  6 worms
  A ball lightning (Crypt:1)
  A dart slug (D:3)
  14 leopard geckos
  74 orcs
  2 ball pythons (D:2)
  8 bats
  7 giant cockroaches
  5 goblins
  13 hobgoblins
  16 jackals
  23 kobolds
  9 quokkas
  4 frilled lizards
  A goblin skeleton (Crypt:1)
  A jackal zombie (D:5)
  A quokka skeleton (D:8)
  5 rats
  A bush (D:10)
  3 fungi (D:10)
  6 lurking horrors
  19 plants
  2 spectral weapons
  34 starspawn tentacles
  2 tentacles (Abyss:2)
  4 withered plants (Crypt:3)
3930 creatures vanquished.

Vanquished Creatures (collateral kills)
  Bai Suzhen (Snake:4)
  Saint Roka (Snake:2)
  Vashnia (Snake:4)
  The ghost of supermoro the Warrior, an adept MiFi of Gozag (Vaults:4)
  A Hell Sentinel (Abyss:1)
  Asterion (Snake:1)
  A tengu reaver (Vaults:4)
  A shadow dragon (D:13)
  A frost giant (D:13)
  3 nagarajas
  Aizul (Snake:2)
  A pale draconian (Depths:5)
  6 dancing weapons
  A thrashing horror (Abyss:2)
  Sonja (Lair:1)
  A deep elf archer (Elf:3)
  2 deep elf magi
  A fire elemental (D:13)
  3 steam dragons (Depths:5)
  A naga (Snake:4)
  A hell hound (D:13)
  A spectral weapon (Depths:5)
32 creatures vanquished.

Vanquished Creatures (others)
  A tentacled starspawn (Abyss:2)
  A naga sharpshooter (Snake:3)
  A slime creature (Slime:1)
  4 deep elf knights
  A shadow wraith (Vaults:4)
  A deep elf archer (Vaults:3)
  A deep elf mage (Elf:3)
  A worldbinder (Abyss:1)
  An orc sorcerer (Orc:2)
  A faun (Shoals:4)
  A salamander (Snake:3)
  A large abomination (Abyss:1)
  A rust devil (Abyss:2)
  A freezing wraith (Abyss:1)
  2 raiju
  A flying skull (Abyss:1)
  A ynoxinul (Abyss:1)
  A shadow (Abyss:1)
  A golden eye (Slime:1)
  3 small abominations
  A naga (Snake:3)
  A hell hound (Abyss:2)
  A swamp drake (Lair:6)
  A killer bee (D:10)
  A quasit (Abyss:1)
  An orc wizard (Orc:1)
  A mummy (Tomb:1)
  2 orcs (Orc:1)
  A bush (D:10)
  3 demonic plants (WizLab)
  13 fulminant prisms
  11 fungi
  3 lurking horrors
  98 plants
  161 spectral weapons
  77 starspawn tentacles
  5 tentacles (Abyss:2)
  6 withered plants (Crypt:3)
413 creatures vanquished.

Grand Total: 4375 creatures vanquished

Notes
Turn   | Place    | Note
-------+----------+-------------------------------------------
     0 | D:1      | Paulina the Formicid Enchanter began the quest for the Orb.
     0 | D:1      | Reached XP level 1. HP: 13/13 MP: 3/3
    72 | D:1      | Reached skill level 1 in Fighting
    74 | D:1      | Reached XP level 2. HP: 18/21 MP: 5/5
   503 | D:1      | Reached XP level 3. HP: 28/28 MP: 6/6
   993 | D:2      | Reached XP level 4. HP: 22/35 MP: 7/7
  1131 | D:2      | Reached skill level 1 in Armour
  1602 | D:1      | Reached XP level 5. HP: 9/41 MP: 8/8
  2329 | D:3      | Noticed a centaur
  2343 | D:3      | Killed a centaur
  2343 | D:3      | Reached XP level 6. HP: 32/50 MP: 9/9
  2724 | D:3      | Reached skill level 5 in Fighting
  2838 | D:3      | Found a sacrificial altar of Ru.
  3303 | D:4      | Noticed an ogre
  3528 | D:4      | Noticed Blork the orc
  3669 | D:4      | Noticed an ogre
  3679 | D:4      | Noticed a wyvern
  3679 | D:4      | an ogre changed into a wyvern
  3682 | D:4      | Noticed a rime drake
  3682 | D:4      | a wyvern changed into a rime drake
  3683 | D:4      | Noticed a water moccasin
  3683 | D:4      | a rime drake changed into a water moccasin
  3684 | D:4      | Noticed a yaktaur
  3684 | D:4      | a water moccasin changed into a yaktaur
  4030 | D:4      | Found a staircase to the Ecumenical Temple.
  4039 | Temple   | Entered the Ecumenical Temple
  4206 | Temple   | Became a worshipper of Sif Muna the Loreminder
  4358 | D:4      | Killed an ogre
  4358 | D:4      | Reached XP level 7. HP: 34/56 MP: 8/11
  4370 | D:4      | Learned a level 3 spell: Confuse
  4396 | D:4      | Got a crude large shield
  4405 | D:4      | Found a snail-covered altar of Cheibriados.
  4411 | D:4      | Found an iron altar of Okawaru.
  4458 | D:4      | Found a runed door.
  4462 | D:4      | Noticed Crazy Yiuf
  4471 | D:4      | Killed Crazy Yiuf
  4857 | D:5      | Entered Level 5 of the Dungeon
  4964 | D:5      | Reached skill level 5 in Hexes
  5214 | D:5      | Reached XP level 8. HP: 46/62 MP: 12/12
  5293 | D:5      | Noticed Eustachio
  5313 | D:4      | Reached * piety under Sif Muna
  5363 | D:4      | Identified the +8 large shield "Kunify" {MP+9} (You found it on level 4 of the Dungeon)
  5384 | D:5      | Killed Eustachio
  5619 | D:5      | Found an opulent altar of Gozag.
  5777 | D:6      | Paralysed by fainting for 11 turns
  5804 | D:6      | Found a shattered altar of Ashenzari.
  5804 | D:6      | Noticed Grinder
  5818 | D:6      | Killed Grinder
  5896 | D:6      | Reached XP level 9. HP: 63/68 MP: 15/15
  6053 | D:6      | Reached ** piety under Sif Muna
  6120 | D:6      | Reached skill level 10 in Hexes
  6395 | D:6      | Found the +7 Singing Sword
  6660 | D:2      | Killed Blork the orc
  7183 | D:7      | Found a bloodstained altar of Trog.
  7360 | D:7      | Reached skill level 5 in Stealth
  7360 | D:7      | Reached skill level 5 in Spellcasting
  7455 | D:7      | Found a glowing silver altar of Zin.
  7702 | D:7      | Found a white marble altar of Elyvilon.
  7702 | D:7      | Found a stormy altar of Qazlal.
  7848 | D:7      | Reached skill level 5 in Armour
  7989 | D:8      | Reached XP level 10. HP: 64/76 MP: 11/17
  8209 | D:8      | Found a huge runed gate.
  8209 | D:8      | Found a huge runed gate.
  8209 | D:8      | Found a huge runed gate.
  8209 | D:8      | Found a huge runed gate.
  8209 | D:8      | Noticed a manticore
  8210 | D:8      | Noticed a death yak
  8372 | D:8      | Reached skill level 1 in Shields
  8408 | D:8      | Reached *** piety under Sif Muna
  8648 | D:8      | Found a blossoming altar of Fedhas.
  8975 | D:9      | Reached skill level 5 in Shields
  9022 | D:9      | Noticed a centaur warrior
  9037 | D:9      | Killed a centaur warrior
  9127 | D:9      | Got a crystal morningstar {venom}
  9129 | D:9      | Identified the +7 morningstar "Killer Klown's Doom" {venom, rN++} (You took it off an orc warrior on level 9 of the Dungeon)
  9156 | D:9      | Reached XP level 11. HP: 46/81 MP: 9/18
  9208 | D:9      | Noticed a two-headed ogre
  9229 | D:9      | Killed a two-headed ogre
  9229 | D:9      | Reached skill level 10 in Shields
  9261 | D:9      | Got a pitted demon blade
  9263 | D:9      | Got a twisted long sword
  9264 | D:9      | Identified the Handbook of Summoning and Fire
  9304 | D:9      | Identified the +1 long sword of Discomfort {slice, rF+ rC- rN+} (You found it on level 9 of the Dungeon)
  9305 | D:9      | Identified the +8 demon blade of the Extremely Mad {vamp, Str+4} (You found it on level 9 of the Dungeon)
  9631 | D:9      | Got a crystal demon blade
  9636 | D:9      | Identified the +7 demon blade of Uskayaw's Reproof {slice, rN+} (You found it on level 9 of the Dungeon)
  9914 | D:9      | Got a faintly humming ring mail
  9926 | D:9      | Identified the cursed +1 ring mail of the Queen {rPois rC++ Int+2 Dex-2} (You found it on level 9 of the Dungeon)
 10197 | D:10     | Entered Level 10 of the Dungeon
 10197 | D:10     | Found a staircase to the Orcish Mines.
 10262 | D:10     | Found a staircase to the Lair.
 10265 | D:10     | Noticed Maurice
 10411 | D:10     | Killed Maurice
 10419 | D:10     | Noticed Erica
 10427 | D:10     | Reached XP level 12. HP: 47/88 MP: 14/19
 10621 | D:10     | Killed Erica
 11073 | Orc:1    | Entered Level 1 of the Orcish Mines
 11460 | D:8      | Reached skill level 15 in Shields
 11532 | D:8      | Killed a death yak
 11534 | D:8      | Reached **** piety under Sif Muna
 11753 | Orc:1    | Noticed an orc high priest
 11920 | D:11     | Noticed a tengu warrior
 11943 | D:11     | Killed a tengu warrior
 12018 | D:11     | Found the ring of Phasing {EV+8}
 12673 | Orc:1    | Killed an orc high priest
 12673 | Orc:1    | Reached XP level 13. HP: 82/96 MP: 22/22
 12753 | Orc:1    | Noticed a stone giant
 12956 | D:10     | Killed a stone giant
 13192 | D:10     | Reached ***** piety under Sif Muna
 13248 | D:12     | Received a gift from Sif Muna
 13318 | D:12     | Identified Sif Muna's Collected Works on Execration (Sif Muna gifted it to you on level 12 of the Dungeon)
 13478 | D:12     | Noticed Snorg
 13483 | D:12     | Noticed a four-headed hydra
 13551 | D:12     | Learned a level 6 spell: Invisibility
 13557 | D:12     | Learned a level 5 spell: Silence
 13571 | D:12     | Killed a four-headed hydra
 13582 | D:12     | Killed Snorg
 13911 | D:12     | Noticed a centaur warrior
 13921 | D:12     | Killed a centaur warrior
 13990 | D:12     | Noticed Frances
 14024 | D:12     | Noticed Urug
 14136 | Orc:1    | Reached skill level 1 in Air Magic
 14227 | Orc:1    | Found Niogruu's Needful Niceties.
 14324 | Orc:2    | Entered Level 2 of the Orcish Mines
 14410 | Orc:2    | Found a staircase to the Elven Halls.
 14652 | Orc:2    | Found a radiant altar of Vehumet.
 14698 | Orc:2    | Reached skill level 5 in Dodging
 15385 | Orc:2    | Reached XP level 14. HP: 79/105 MP: 24/24
 15462 | Orc:2    | Found Rimiol's Jewellery Shoppe.
 15462 | Orc:2    | Found Ruaxtuc's Distillery.
 15464 | Orc:2    | Found Osux's Armour Shoppe.
 15464 | Orc:2    | Found Cil Fapu's Distillery.
 15481 | Orc:2    | Reached skill level 15 in Hexes
 15501 | Orc:2    | Bought a +0 pair of boots of running for 441 gold pieces
 15805 | Lair:1   | Entered Level 1 of the Lair of Beasts
 15819 | D:10     | Learned a level 5 spell: Summon Mana Viper
 15824 | D:10     | Learned a level 4 spell: Fulminant Prism
 15989 | Lair:1   | Got an ichor-stained ring mail
 16170 | Lair:1   | Identified Sif Muna's Catalogue of Feathery Ice (Sif Muna gifted it to you on level 1 of the Lair of Beasts)
 16170 | Lair:1   | Received a gift from Sif Muna
 16362 | Lair:1   | Noticed Sonja
 16374 | Lair:1   | Killed Sonja
 16851 | Lair:2   | Reached skill level 1 in Summonings
 16943 | Lair:2   | Reached skill level 1 in Conjurations
 17207 | Lair:2   | Found a staircase to the Snake Pit.
 17556 | Lair:2   | Identified the +8 ring mail of the Garden {+Fly} (You found it on level 1 of the Lair of Beasts)
 17816 | Lair:3   | Noticed Gastronok
 18117 | Lair:3   | Reached skill level 1 in Evocations
 19001 | Lair:4   | Found a staircase to the Shoals.
 19513 | Lair:5   | Reached XP level 15. HP: 93/112 MP: 26/26
 19729 | Lair:5   | Reached skill level 1 in Maces & Flails
 19928 | Lair:6   | Entered Level 6 of the Lair of Beasts
 21034 | Lair:6   | Identified Utag's Volume of Enchanting Ignition (Sif Muna gifted it to you on level 6 of the Lair of Beasts)
 21034 | Lair:6   | Received a gift from Sif Muna
 21540 | Lair:3   | Killed Gastronok
 21664 | Lair:6   | Found a viscous altar of Jiyva.
 21664 | Lair:6   | Found a staircase to the Slime Pits.
 21670 | Lair:6   | Got a brightly glowing golden amulet
 21676 | Lair:6   | Identified the amulet of Digis {RegenMP Str+2} (You found it on level 6 of the Lair of Beasts)
 22590 | D:12     | Noticed Josephine
 22604 | D:12     | Killed Josephine
 22881 | D:12     | Killed Urug
 22925 | D:12     | Got a dazzling ring mail
 23168 | D:12     | Killed Frances
 23262 | D:12     | Identified the +4 ring mail of Minor Irritation {rF+ rN+ Stlth+} (You took it off an orc on level 12 of the Dungeon)
 23321 | D:13     | Reached XP level 16. HP: 100/120 MP: 28/28
 23408 | D:13     | Identified Sif Muna's Catalogue of Poison and Creation (Sif Muna gifted it to you on level 13 of the Dungeon)
 23408 | D:13     | Received a gift from Sif Muna
 23432 | D:13     | Found a labyrinth entrance.
 23459 | Lab      | Entered a labyrinth
 23979 | Lab      | Got an ichor-stained war axe
 24340 | D:13     | Identified the +5 war axe of Ashenzari's Approval {elec, rElec Int+3 Stlth-} (You found it in a labyrinth)
 24374 | D:13     | Learned a level 5 spell: Aura of Abjuration
 24778 | D:13     | Got a pitted bronze ring
 24780 | D:13     | Identified the ring "Uchat" {MP+9 Dex+4} (You found it on level 13 of the Dungeon)
 24947 | D:13     | Noticed a frost giant
 24973 | D:13     | Noticed a tengu reaver
 25003 | D:13     | Killed a tengu reaver
 25178 | D:13     | Noticed a shadow dragon
 25242 | D:13     | Noticed Azrael
 25272 | D:13     | Killed Azrael
 25837 | D:14     | Reached skill level 5 in Evocations
 26246 | D:14     | Reached skill level 5 in Summonings
 26950 | D:14     | Found a gate to the Vaults.
 26968 | D:14     | Reached skill level 10 in Fighting
 27147 | D:14     | Received a gift from Sif Muna
 27148 | D:14     | Identified Sif Muna's Papyrus of the Warped Escort (Sif Muna gifted it to you on level 14 of the Dungeon)
 27526 | D:15     | Entered Level 15 of the Dungeon
 27668 | D:15     | Found a frozen archway.
 27699 | D:15     | Reached skill level 5 in Maces & Flails
 27816 | D:15     | Reached XP level 17. HP: 120/128 MP: 30/30
 27838 | IceCv    | Entered an ice cave
 28316 | D:15     | Reached skill level 1 in Axes
 28916 | D:15     | Found a staircase to the Depths.
 29229 | D:13     | Killed a shadow dragon
 29477 | Elf:1    | Entered Level 1 of the Elven Halls
 29943 | Elf:1    | Found Hesobb's General Store.
 29997 | Elf:1    | Reached skill level 5 in Axes
 30361 | Elf:1    | Reached skill level 5 in Air Magic
 30481 | Elf:1    | Found Wessuciu's Gadget Boutique.
 30481 | Elf:1    | Found Kadeupim's Food Shop.
 30484 | Elf:1    | Found Buotaci's General Store.
 30572 | Elf:1    | Reached ****** piety under Sif Muna
 30711 | Elf:1    | Identified Sif Muna's Volume of Weightlessness (Sif Muna gifted it to you on level 1 of the Elven Halls)
 30711 | Elf:1    | Received a gift from Sif Muna
 31113 | Elf:1    | Found Ythraeff's Distillery.
 31302 | Elf:1    | Reached XP level 18. HP: 102/134 MP: 31/31
 32490 | Elf:2    | Found a runed gate.
 32490 | Elf:2    | Found a runed gate.
 32491 | Elf:2    | Found a runed gate.
 32807 | Elf:2    | Noticed a deep elf blademaster
 32840 | Elf:2    | Killed a deep elf blademaster
 33193 | Elf:2    | Reached skill level 10 in Stealth
 33204 | Elf:2    | Received a gift from Sif Muna
 33265 | Elf:2    | Identified Diqo's Handbook of Arcane Weapons and Lightness (Sif Muna gifted it to you on level 2 of the Elven Halls)
 33885 | Elf:3    | Entered Level 3 of the Elven Halls
 34171 | Elf:3    | Found Citan's Magic Scroll Shoppe.
 34231 | Elf:2    | Reached skill level 10 in Armour
 34979 | Elf:3    | Reached skill level 10 in Spellcasting
 34995 | Elf:3    | Reached XP level 19. HP: 105/142 MP: 33/33
 36276 | Elf:3    | Noticed a deep elf blademaster
 36340 | Elf:3    | Killed a deep elf blademaster
 36470 | Elf:3    | Identified Sif Muna's Compendium of Calling and Augmentations (Sif Muna gifted it to you on level 3 of the Elven Halls)
 36470 | Elf:3    | Received a gift from Sif Muna
 36687 | Elf:3    | Got a translucent battleaxe {drain}
 36762 | Elf:3    | Identified the cursed +1 battleaxe of Egomania {drain, Str+6 Dex+3} (You took it off a deep elf sorcerer on level 3 of the Elven Halls)
 36826 | Elf:3    | Noticed a Hell Sentinel
 36941 | Elf:3    | Got a fine trident {vamp}
 36950 | Elf:3    | Identified the +7 trident "Zimnar" {vamp, Stlth+} (You took it off a deep elf demonologist on level 3 of the Elven Halls)
 37237 | Elf:3    | Noticed a deep elf blademaster
 37262 | Elf:3    | Killed a deep elf blademaster
 37356 | Elf:3    | Got a bloodstained scimitar {flame}
 37647 | Elf:3    | Got a brightly glowing dagger {pierce}
 37671 | Elf:3    | Identified the Handbook of Supportive Combat Magic
 38037 | Elf:3    | Identified the +3 scimitar "Omur" {flame, +Rage rPois} (You took it off a deep elf sorcerer on level 3 of the Elven Halls)
 38041 | Elf:3    | Identified the +10 dagger "Urpheun" {pierce, rN+ Stlth+} (You took it off a deep elf annihilator on level 3 of the Elven Halls)
 38068 | Elf:3    | Learned a level 2 spell: Slow
 38071 | Elf:3    | Learned a level 2 spell: Swiftness
 38106 | Elf:1    | Bought the +10 hand axe of Doom {antimagic, rF+} for 876 gold pieces
 38267 | Snake:1  | Entered Level 1 of the Snake Pit
 38478 | Shoals:1 | Entered Level 1 of the Shoals
 38666 | Snake:1  | Reached skill level 1 in Charms
 38770 | Snake:1  | Noticed Asterion
 39218 | Snake:1  | Received a gift from Sif Muna
 39224 | Snake:1  | Identified Sif Muna's Reference Book on Malediction (Sif Muna gifted it to you on level 1 of the Snake Pit)
 39616 | Snake:1  | Killed Asterion
 39616 | Snake:1  | Reached XP level 20. HP: 126/150 MP: 17/35
 40090 | Snake:1  | Reached skill level 10 in Axes
 40512 | Snake:2  | Got a slimy dire flail
 40752 | Snake:2  | Got an ichor-stained falchion
 40959 | Snake:2  | Noticed Saint Roka
 40991 | Snake:2  | Killed Saint Roka
 41105 | Snake:2  | Identified the +3 dire flail of the Lettuce {antimagic, Fragile MP+9 Str+6} (You found it on level 2 of the Snake Pit)
 41107 | Snake:2  | Identified the +9 falchion of Defilement {drain, MR+ Str+3 Int+3} (You found it on level 2 of the Snake Pit)
 41472 | Snake:2  | Reached skill level 5 in Charms
 41540 | Snake:2  | Noticed Aizul
 41562 | Snake:2  | Killed Aizul
 42237 | Snake:3  | Identified Sif Muna's Catalogue of the Ghastly Snowflakes (Sif Muna gifted it to you on level 3 of the Snake Pit)
 42237 | Snake:3  | Received a gift from Sif Muna
 42509 | Snake:3  | Noticed Mara
 42512 | Snake:3  | Noticed Paulina's illusion
 43100 | Snake:3  | Found Vassouha's Armour Shoppe.
 43496 | Snake:3  | Killed Mara
 43655 | Snake:4  | Entered Level 4 of the Snake Pit
 43867 | D:10     | Learned a level 3 spell: Spectral Weapon
 44364 | Orc:1    | Bought a manual of Necromancy for 1987 gold pieces
 44598 | Snake:4  | Reached skill level 1 in Necromancy
 44684 | Snake:4  | Noticed Bai Suzhen
 45023 | Snake:4  | Noticed Vashnia
 45116 | Snake:4  | Noticed Jorgrun
 45146 | Snake:4  | Killed Jorgrun
 45482 | Snake:4  | Reached XP level 21. HP: 133/156 MP: 37/37
 45486 | Snake:4  | Reached skill level 5 in Necromancy
 45589 | Snake:4  | Killed Vashnia
 45857 | Snake:4  | Received a gift from Sif Muna
 45863 | Snake:4  | Learned a level 3 spell: Regeneration
 46378 | Snake:4  | Noticed Nikola
 46379 | Snake:4  | Got a serpentine rune of Zot
 46392 | Snake:4  | Killed Nikola
 46674 | Snake:4  | Killed Bai Suzhen
 47047 | Shoals:1 | Noticed Kirke
 47089 | Shoals:1 | Killed Kirke
 47110 | Shoals:1 | Got an ichor-stained morningstar
 47123 | Shoals:1 | Found Cihiolisch's Assorted Antiques.
 47150 | Shoals:1 | Bought a scroll labeled RUILYBB XIVVOYMI for 25 gold pieces
 47150 | Shoals:1 | Bought a scroll labeled FES MU PAZAFA for 25 gold pieces
 47150 | Shoals:1 | Bought a scroll labeled USOHOCSAZIR for 25 gold pieces
 47151 | Shoals:1 | Identified the +4 morningstar of Tacuhoyc {drain, MR+} (You found it on level 1 of the Shoals)
 47447 | Shoals:1 | Reached skill level 10 in Necromancy
 47947 | Shoals:2 | Noticed Roxanne
 48171 | Shoals:2 | Killed Roxanne
 48172 | Shoals:2 | Identified Roxanne's Disquisition on the Rocks (You took it off Roxanne on level 2 of the Shoals)
 48235 | Shoals:2 | Identified Sif Muna's Handbook of Attacks and the Entourage (Sif Muna gifted it to you on level 2 of the Shoals)
 48235 | Shoals:2 | Received a gift from Sif Muna
 49304 | Shoals:3 | Reached XP level 22. HP: 139/163 MP: 38/38
 49436 | Shoals:3 | Found Verhot's Weapon Shop.
 49981 | Shoals:4 | Entered Level 4 of the Shoals
 50201 | Shoals:4 | Received a gift from Sif Muna
 50206 | Shoals:4 | Learned a level 2 spell: Sublimation of Blood
 50240 | Shoals:4 | Got a barnacled rune of Zot
 50874 | Shoals:4 | Got a polished cloak
 50921 | Shoals:4 | Noticed Ilsuiw
 50970 | Shoals:3 | Identified the +2 cloak of Disguise {rPois Dex+3} (You found it on level 4 of the Shoals)
 51159 | Shoals:4 | Killed Ilsuiw
 51511 | Shoals:4 | Identified the Grimoire of Twisted Clay
 51529 | Shoals:4 | Reached skill level 10 in Summonings
 51536 | Shoals:4 | Noticed Polyphemus
 51620 | Shoals:4 | Killed Polyphemus
 51786 | Shoals:4 | Received a gift from Sif Muna
 51886 | Shoals:4 | Got a brightly glowing robe
 52485 | Shoals:4 | Identified the cursed +0 robe "Qeusib" {+Inv rPois MP+9 Dex-2} (You took it off a merfolk javelineer on level 4 of the Shoals)
 52563 | Shoals:1 | Bought a polished flail for 212 gold pieces
 52564 | Shoals:1 | Identified the cursed +2 flail "Gipnoge" {freeze, rF++ Str+4} (You bought it in a shop on level 1 of the Shoals)
 52984 | Vaults:1 | Entered Level 1 of the Vaults
 53142 | Vaults:1 | Reached skill level 15 in Axes
 53152 | Vaults:1 | Found a magical portal.
 53174 | WizLab   | Entered Lehudib's Moon Base
 53776 | WizLab   | Got a heavily runed leather armour
 53872 | WizLab   | Reached XP level 23. HP: 163/169 MP: 37/39
 54447 | WizLab   | Found a transporter.
 54624 | WizLab   | Identified Sif Muna's Disquisition on Cloudy Boosts (Sif Muna gifted it to you in a wizard's laboratory)
 54624 | WizLab   | Received a gift from Sif Muna
 54632 | WizLab   | Identified Lehudib's Compendium of Hurtful Clay
 54685 | WizLab   | Found a transporter.
 54687 | WizLab   | Found the colourful robe
 54694 | WizLab   | Got a colourful robe
 54875 | Vaults:1 | Identified the cursed -5 robe of Misfortune {-Cast *Contam *Tele *Drain EV-5 Stlth-- *Curse} (You found it in a wizard's laboratory)
 54905 | Vaults:1 | Identified the +3 leather armour of the Monkey's Uncle {rElec rN++ MR- Int+2} (You found it in a wizard's laboratory)
 55427 | Vaults:1 | Reached skill level 5 in Conjurations
 55858 | Vaults:1 | Got a thick robe
 55962 | Vaults:1 | Identified the +1 robe of Qeuna {rC+} (You found it on level 1 of the Vaults)
 56224 | Vaults:2 | Found Faec Ceu's Weapon Shoppe.
 56679 | Vaults:2 | Found a staircase to the Crypt.
 57686 | Vaults:2 | Found a radiant altar of Vehumet.
 57696 | Vaults:2 | Got a shadowed robe
 57698 | Vaults:2 | Got a tattered robe
 57713 | Vaults:2 | Received a gift from Sif Muna
 57776 | Vaults:2 | Identified the +0 robe "Ruliuc" {rElec Stlth+} (You found it on level 2 of the Vaults)
 57788 | Vaults:2 | Identified the +2 robe of Vubbo {rC- rN+ Regen+} (You found it on level 2 of the Vaults)
 58022 | Vaults:3 | Reached XP level 24. HP: 147/178 MP: 39/39
 58053 | Vaults:3 | Noticed Boris
 58078 | Vaults:3 | Killed Boris
 58525 | Vaults:3 | Identified Sif Muna's Incunabulum of Entrancing Necromancy (Sif Muna gifted it to you on level 3 of the Vaults)
 58525 | Vaults:3 | Received a gift from Sif Muna
 59009 | D:14     | Learned a level 8 spell: Necromutation
 59011 | D:14     | Fell from the grace of Sif Muna
 59525 | D:4      | Became a worshipper of Warmaster Okawaru
 60038 | Vaults:3 | Reached skill level 1 in Transmutations
 60051 | Vaults:3 | Reached skill level 10 in Charms
 60713 | Vaults:3 | Reached skill level 2 in Transmutations
 60772 | Vaults:3 | Reached * piety under Okawaru
 60858 | Vaults:3 | Reached skill level 3 in Transmutations
 60950 | Vaults:3 | Reached skill level 1 in Invocations
 61090 | Vaults:3 | Reached ** piety under Okawaru
 61123 | Vaults:3 | Reached skill level 4 in Transmutations
 61343 | Vaults:3 | Reached *** piety under Okawaru
 61354 | Vaults:3 | Reached skill level 15 in Necromancy
 61354 | Vaults:3 | Reached skill level 5 in Transmutations
 61444 | Vaults:3 | Reached skill level 5 in Invocations
 61751 | Vaults:4 | Reached skill level 6 in Transmutations
 61832 | Vaults:4 | Noticed supermoro's ghost (adept MiFi)
 61864 | Vaults:4 | Killed supermoro's ghost
 61867 | Vaults:4 | Reached **** piety under Okawaru
 61927 | Vaults:4 | Reached skill level 7 in Transmutations
 62087 | Vaults:4 | Reached skill level 8 in Transmutations
 62162 | Vaults:4 | Reached ***** piety under Okawaru
 62164 | Vaults:4 | Reached XP level 25. HP: 184/184 MP: 36/40
 62319 | Vaults:4 | Reached skill level 9 in Transmutations
 62836 | Vaults:4 | Reached skill level 10 in Transmutations
 62938 | Vaults:4 | Received a gift from Okawaru
 62972 | Vaults:4 | Reached skill level 11 in Transmutations
 63023 | Vaults:4 | Got a pitted shield {god gift}
 63304 | Vaults:4 | Identified the +5 shield of the Game Afoot {rElec rN+ MR- Dex+3} (Okawaru gifted it to you on level 4 of the Vaults)
 63357 | Vaults:5 | Entered Level 5 of the Vaults
 63596 | Depths:1 | Entered Level 1 of the Depths
 64341 | Depths:1 | Learned a level 5 spell: Borgnjor's Vile Clutch
 64418 | Depths:1 | Reached skill level 12 in Transmutations
 64701 | Depths:1 | Reached skill level 13 in Transmutations
 64932 | Depths:1 | Received a gift from Okawaru
 64978 | Depths:1 | Reached skill level 14 in Transmutations
 65141 | Depths:1 | Found a gateway to Hell.
 65304 | Depths:1 | Found a runed gate.
 65304 | Depths:1 | Found a runed gate.
 65304 | Depths:1 | Found a runed gate.
 65305 | Depths:1 | Found the +2 Maxwell's thermic engine {flame, freeze, rF- rC-}
 65305 | Depths:1 | Found a runed gate.
 65305 | Depths:1 | Found a runed gate.
 65305 | Depths:1 | Found a runed gate.
 65508 | Depths:1 | Reached skill level 15 in Transmutations
 65641 | Depths:2 | Reached XP level 26. HP: 165/191 MP: 22/40
 65664 | Depths:2 | Reached ****** piety under Okawaru
 65796 | Depths:2 | Received a gift from Okawaru
 65802 | Depths:2 | Reached skill level 16 in Transmutations
 65821 | Depths:2 | Got a brightly glowing scale mail {god gift}
 65837 | Depths:2 | You fall through a shaft for 2 floors!
 65967 | Depths:4 | Found a one-way gate to the infinite horrors of the Abyss.
 66022 | Depths:4 | Noticed Frederick
 66054 | Depths:4 | Killed Frederick
 66109 | Depths:4 | Was forgiven by Sif Muna
 66819 | Depths:4 | Reached skill level 17 in Transmutations
 66830 | Depths:4 | Received a gift from Okawaru
 66836 | Depths:4 | Got a bone dire flail {god gift}
 67021 | Depths:4 | Noticed a juggernaut
 67029 | Depths:4 | Killed a juggernaut
 67082 | Depths:4 | Noticed a juggernaut
 67097 | Depths:4 | Killed a juggernaut
 67141 | Depths:4 | Got a sparkling lapis lazuli ring
 67240 | Depths:4 | Identified the +7 dire flail "Goblinslayer" {freeze, rC+} (Okawaru gifted it to you on level 4 of the Depths)
 67254 | Depths:4 | Identified the +5 scale mail of the Wonders {rCorr} (Okawaru gifted it to you on level 2 of the Depths)
 67269 | Depths:4 | Identified the ring "Suadiz" {+Fly rPois Int+3 Dex-5} (You found it on level 4 of the Depths)
 67350 | Depths:4 | Reached skill level 18 in Transmutations
 67397 | Depths:4 | Received a gift from Okawaru
 67445 | Depths:4 | Reached XP level 27. HP: 182/197 MP: 40/40
 67719 | Depths:3 | Found a one-way gate leading to the halls of Pandemonium.
 67994 | Depths:3 | Found a portal to a secret trove of treasure.
 68365 | Depths:3 | Received a gift from Okawaru
 68366 | Depths:3 | Got a slimy hand axe {god gift}
 68801 | Depths:2 | Reached skill level 19 in Transmutations
 69214 | Depths:2 | Received a gift from Okawaru
 69220 | Depths:2 | Got jewelled shadow dragon scales {god gift}
 69495 | Depths:2 | Identified the +2 hand axe "Sat Ibbe" {holy, rPois rF+ Int-5} (Okawaru gifted it to you on level 3 of the Depths)
 69508 | Depths:2 | Identified the +8 shadow dragon scales of Awe {*Corrode rPois Dex+4 Slay+3 Stlth++++} (Okawaru gifted it to you on level 2 of the Depths)
 69628 | Depths:2 | Got a dazzling chain mail
 69639 | Depths:2 | Identified the +4 chain mail of Objectivity {rPois rF+ rC- Dex+6} (You found it on level 2 of the Depths)
 70395 | Crypt:1  | Entered Level 1 of the Crypt
 70442 | Crypt:1  | Got an encrusted leather armour
 70506 | Crypt:1  | Identified the +0 leather armour of Distant Worlds {rN++ rCorr Int+3 Dex-2} (You found it on level 1 of the Crypt)
 70634 | Crypt:1  | Reached skill level 20 in Transmutations
 70766 | Crypt:1  | Noticed Boris
 70783 | Crypt:1  | Killed Boris
 70907 | Crypt:1  | Got a fabulously ornate robe
 70965 | Crypt:1  | Identified the cursed +1 robe of the Fife {Str+3} (You found it on level 1 of the Crypt)
 71040 | Crypt:1  | Noticed Jory
 71058 | Crypt:1  | Killed Jory
 71063 | Crypt:1  | Received a gift from Okawaru
 71713 | Crypt:2  | Found a basalt altar of Yredelemnul.
 71805 | Crypt:2  | Noticed Mennas
 72195 | Depths:5 | Entered Level 5 of the Depths
 72202 | Depths:5 | Found a gateway to a ziggurat.
 72565 | Depths:5 | Reached skill level 21 in Transmutations
 72784 | Depths:5 | Reached skill level 1 in Earth Magic
 72969 | Depths:5 | Received a gift from Okawaru
 73248 | Depths:5 | Fell from the grace of Okawaru
 73595 | D:5      | Became a worshipper of Gozag Ym Sagoz the Greedy
 74006 | Depths:1 | Learned a level 8 spell: Discord
 74015 | Depths:1 | Learned a level 8 spell: Infestation
 75226 | Depths:5 | Found a gate to the Realm of Zot.
 75546 | Depths:4 | Voluntarily entered the Abyss.
 75564 | Abyss:1  | Found a corrupted altar of Lugonu.
 76472 | Abyss:1  | Reached skill level 5 in Earth Magic
 76955 | Abyss:1  | Found a corrupted altar of Lugonu.
 77812 | Abyss:2  | Found a corrupted altar of Lugonu.
 78362 | Depths:4 | Escaped the Abyss
 78606 | Elf:1    | Bought the +7 great mace "Undeadhunter" {disrupt, rN+} for 632 gold pieces
 78606 | Elf:1    | Found the +7 great mace "Undeadhunter" {disrupt, rN+}
 78606 | Elf:1    | Bought a scroll of holy word for 90 gold pieces
 78606 | Elf:1    | Bought a ration for 60 gold pieces
 78612 | Elf:1    | Bought a scroll of acquirement for 936 gold pieces
 78662 | Elf:3    | Bought a scroll of acquirement for 884 gold pieces
 78662 | Elf:3    | Bought a scroll of summoning for 161 gold pieces
 79110 | Depths:4 | Voluntarily entered the Abyss.
 79252 | Abyss:1  | Noticed an ancient lich
 79274 | Abyss:1  | Killed an ancient lich
 79545 | Abyss:1  | Found a shimmering altar of Xom.
 79601 | Abyss:1  | Was forgiven by Okawaru
 79602 | Depths:4 | Escaped the Abyss
 79697 | Depths:4 | Voluntarily entered the Abyss.
 79699 | Abyss:1  | Found a corrupted altar of Lugonu.
 80262 | Abyss:1  | Reached skill level 10 in Earth Magic
 80293 | Abyss:1  | Reached skill level 15 in Spellcasting
 81446 | Abyss:1  | Got a vibrating tin ring
 82027 | Abyss:1  | Found a shadowy altar of Dithmenos.
 82056 | Abyss:1  | Noticed an ancient lich
 82110 | Abyss:1  | Killed an ancient lich
 82977 | Abyss:1  | Found a bloodstained altar of Trog.
 83702 | Abyss:1  | Found a corrupted altar of Lugonu.
 83841 | Abyss:1  | Found a corrupted altar of Lugonu.
 85938 | Abyss:1  | Identified the Volume of Ice and Air
 86317 | Abyss:1  | Identified the Incunabulum of Shape Shifting and Darkness
 86335 | Abyss:1  | Found a runed door.
 87121 | Abyss:2  | Found a corrupted altar of Lugonu.
 87224 | Abyss:2  | Reached skill level 10 in Evocations
 87992 | Abyss:2  | Found a corrupted altar of Lugonu.
 88451 | Abyss:2  | Found an ancient bone altar of Kikubaaqudgha.
 88469 | Abyss:2  | Found a corrupted altar of Lugonu.
 89440 | Abyss:2  | Identified the ring "Lekuwk" {+Fly rElec EV+3 Str+4} (You found it on level 1 of the Abyss)
 90220 | Abyss:2  | Learned a level 3 spell: Ozocubu's Armour
 90973 | Depths:4 | Escaped the Abyss
 91517 | Crypt:3  | Entered Level 3 of the Crypt
 91666 | Crypt:3  | Reached skill level 1 in Ice Magic
 92009 | Crypt:3  | Reached skill level 22 in Transmutations
 92063 | Crypt:3  | Found an ancient bone altar of Kikubaaqudgha.
 92335 | Crypt:3  | Noticed an ancient lich
 92356 | Crypt:3  | Killed an ancient lich
 92356 | Crypt:3  | Reached skill level 15 in Stealth
 92386 | Crypt:3  | Got a smelly leather armour
 92413 | Crypt:3  | Identified the +5 leather armour of Exclusion {rPois rF+ Str+3 Dex+3} (You found it on level 3 of the Crypt)
 93127 | Crypt:3  | Found a staircase to the Tomb.
 93616 | Tomb:1   | Entered Level 1 of the Tomb of the Ancients
 93972 | Tomb:1   | Reached skill level 5 in Ice Magic
 94210 | Tomb:1   | Noticed a greater mummy
 94212 | Tomb:1   | Noticed a greater mummy
 94268 | Tomb:1   | Killed a greater mummy
 94326 | Tomb:1   | Killed a greater mummy
 94537 | Tomb:1   | Noticed a greater mummy
 94544 | Tomb:1   | Killed a greater mummy
 95314 | Slime:1  | Entered Level 1 of the Pits of Slime
 96033 | Slime:1  | Reached skill level 15 in Earth Magic
 96433 | Slime:3  | Noticed Dissolution
 96511 | Slime:2  | Killed Dissolution
 96511 | Slime:2  | Reached skill level 10 in Maces & Flails
 97519 | Slime:4  | Found a viscous altar of Jiyva.
 97646 | Slime:4  | Reached skill level 10 in Ice Magic
 97961 | Slime:5  | Entered Level 5 of the Pits of Slime
 98269 | Slime:5  | Noticed the Royal Jelly
 98737 | Slime:4  | HP: 8/201 [acid[the Royal Jelly] (4)]
 98742 | Slime:4  | HP: 7/201 [acid[the Royal Jelly] (1)]
 98742 | Slime:4  | Splashed by an acid blob's acid

Skill      XL: |  1  2  3  4  5  6  7  8  9 10 11 12 13 14 15 16 17 18 19 20 21 22 23 24 25 26 27 |
---------------+----------------------------------------------------------------------------------+-----
Fighting       | 1 2 3 4 5 6 7 8 9 10 11 12 13 | 13.0
Dodging        | 2 3 4 5 6 7 8 9 |  9.0
Armour         | 2 3 4 5 6 7 8 9 10 11 12 | 12.0
Stealth        | 4 5 6 7 9 10 12 15 | 15.0
Hexes          | 4 6 9 10 12 13 14 16 17 18 19 20 | 20.0
Spellcasting   | 3 4 5 6 7 8 9 10 11 12 13 16 | 16.0
Shields        | 9 13 15 16 17 | 17.0
Air Magic      | 2 3 4 6 7 8 |  8.0
Summonings     | 2 4 5 6 8 9 10 12 | 12.0
Conjurations   | 2 3 4 6 |  6.0
Evocations     | 1 3 6 7 8 10 | 10.0
Maces & Flails | 3 5 12 | 12.8
Axes           | 7 8 9 12 14 15 17 | 17.4
Charms         | 3 6 7 8 10 12 | 12.0
Necromancy     | 4 11 13 15 16 21 | 21.0
Transmutations | 8 15 18 22 | 22.0
Invocations    | 6 8 |  8.0
Earth Magic    | 15 | 15.0
Ice Magic      | 10 | 10.0
Short Blades   | |  1.0

Action                   |  1- 3 |  4- 6 |  7- 9 | 10-12 | 13-15 | 16-18 | 19-21 | 22-24 | 25-27 || total
-------------------------+-------+-------+-------+-------+-------+-------+-------+-------+-------++-------
Melee: Short sword       |    85 |   125 |   168 |       |       |       |       |       |       ||   378
       Halberd           |       |    92 |       |       |       |       |       |       |       ||    92
       Quarterstaff      |       |       |    40 |       |       |       |       |       |       ||    40
       Double sword      |       |       |    73 |   332 |   195 |    42 |       |       |       ||   642
       Morningstar       |       |       |       |    82 |  1115 |  1617 |   331 |    11 |     8 ||  3164
       Demon blade       |       |       |       |    67 |   121 |    50 |       |       |       ||   238
       Scimitar          |       |       |       |       |    38 |       |       |       |       ||    38
       War axe           |       |       |       |       |       |    25 |  1323 |  1484 |  6541 ||  9373
       Executioner's axe |       |       |       |       |       |    15 |       |       |       ||    15
       Hand axe          |       |       |       |       |       |       |    21 |    18 |    19 ||    58
       Great mace        |       |       |       |       |       |       |       |       |   518 ||   518
       Unarmed           |       |       |       |       |       |       |       |       |    35 ||    35
 Cast: Corona            |       |    36 |    44 |    40 |   115 |    62 |     3 |       |       ||   300
       Confuse           |       |       |    15 |    59 |   124 |   126 |    17 |    19 |    26 ||   386
       Summon Mana Viper |       |       |       |       |     3 |    28 |    32 |    10 |    11 ||    84
       Fulminant Prism   |       |       |       |       |     1 |     4 |     2 |     6 |       ||    13
       Silence           |       |       |       |       |       |    13 |    28 |    10 |    17 ||    68
       Invisibility      |       |       |       |       |       |     6 |     7 |     3 |       ||    16
       Slow              |       |       |       |       |       |       |    45 |    20 |       ||    65
       Spectral Weapon   |       |       |       |       |       |       |    65 |   164 |   570 ||   799
       Regeneration      |       |       |       |       |       |       |    41 |   127 |    42 ||   210
       Aura of Abjuratio |       |       |       |       |       |       |     4 |     4 |     6 ||    14
       Sublimation of Bl |       |       |       |       |       |       |       |    17 |     9 ||    26
       Borgnjor's Vile C |       |       |       |       |       |       |       |       |   153 ||   153
       Necromutation     |       |       |       |       |       |       |       |       |   303 ||   303
       Ozocubu's Armour  |       |       |       |       |       |       |       |       |    20 ||    20
       Swiftness         |       |       |       |       |       |       |       |       |     4 ||     4
       Discord           |       |       |       |       |       |       |       |       |     3 ||     3
       Infestation       |       |       |       |       |       |       |       |       |     3 ||     3
Invok: Divine Energy     |       |       |       |       |       |     1 |       |       |       ||     1
       Stop Divine Energ |       |       |       |       |       |     1 |       |       |       ||     1
       Forget Spell      |       |       |       |       |       |       |       |     3 |       ||     3
       Renounce Religion |       |       |       |       |       |       |       |     1 |     1 ||     2
       Finesse           |       |       |       |       |       |       |       |       |     1 ||     1
 Abil: Dig               |       |    15 |    15 |    25 |    36 |    92 |    27 |     6 |    93 ||   309
       Evoke Flight      |       |       |       |       |     1 |       |    17 |    20 |       ||    38
Evoke: Wand              |       |     6 |       |       |       |       |       |       |     1 ||     7
       Lightning rod     |       |       |       |       |       |       |       |       |     4 ||     4
       Lamp of fire      |       |       |       |       |       |       |       |       |     3 ||     3
       Phial of floods   |       |       |       |       |       |       |       |       |     3 ||     3
  Use: Scroll            |       |     8 |       |     1 |     6 |     1 |     3 |     5 |     7 ||    31
       Potion            |       |       |       |       |       |       |       |       |     3 ||     3
 Stab: Sleeping          |     1 |     1 |     4 |     1 |     3 |    15 |    12 |    10 |    21 ||    68
       Confused          |       |       |    10 |    21 |    18 |    57 |    11 |    11 |    11 ||   139
       Distracted        |       |       |       |     1 |       |     1 |    12 |    36 |   164 ||   214
       Invisible         |       |       |       |       |       |    16 |    40 |    15 |     2 ||    73
       Petrifying        |       |       |       |       |       |       |       |     2 |       ||     2
       Petrified         |       |       |       |       |       |       |       |     2 |       ||     2
  Eat: Chunk             |       |    11 |    12 |    24 |    49 |    60 |    47 |    53 |    35 ||   291
       Ration            |       |     1 |     1 |       |       |     1 |     6 |       |     2 ||    11
Armor: Leather armour    |    17 |       |       |       |       |       |       |       |       ||    17
       Scale mail        |    21 |   105 |    52 |       |       |       |       |       |       ||   178
       Acid dragon scale |       |       |    54 |    84 |       |       |       |       |       ||   138
       Ring mail         |       |       |       |   100 |   256 |   154 |   152 |    34 |       ||   696
       Troll leather arm |       |       |       |       |     3 |     8 |     1 |    46 |   800 ||   858
       Gold dragon scale |       |       |       |       |       |       |       |       |     6 ||     6
       Skin              |       |       |       |       |       |       |       |       |     4 ||     4
Dodge: Dodged            |    49 |   152 |   147 |   274 |   902 |   505 |   461 |   332 |  2236 ||  5058
Block: Large shield      |       |       |       |   796 |  2414 |  1918 |  1742 |  1202 |  6540 || 14612
       Rpst.: Double sword |       |       |    18 |    64 |    38 |    10 |       |       |       ||   130
       Demon blade       |       |       |       |     1 |    18 |     3 |       |       |       ||    22
       Scimitar          |       |       |       |       |     2 |       |       |       |       ||     2
